 Dungeon Crawl Stone Soup version 0.29-a0-789-g7a8fcbc185 (webtiles) character file.

Game seed: 6095751093763448549

585 frimble the Trooper (level 7, -4/63 HPs)
             Began as a Minotaur Monk on July 2, 2022.
             Slain by an orc
             ... wielding a +0 trident
              (7 damage)
             ... on level 3 of the Dungeon.
             The game lasted 00:04:05 (4431 turns).

frimble the Trooper (Minotaur Monk)                 Turns: 4431, Time: 00:04:05

Health: -4/63      AC:  8    Str: 16    XL:     7   Next: 14%
Magic:  6/6        EV:  7    Int:  9    God:
Gold:   209        SH:  0    Dex: 12    Spells: 6/6 levels left

rFire   . . .      SeeInvis .   a - +1 hand axe
rCold   . . .      Faith    .   (no shield)
rNeg    . . .      Spirit   .   k - +0 chain mail
rPois   .          Reflect  .   (helmet restricted)
rElec   .          Harm     .   (no cloak)
rCorr   .          Rampage  .   (no gloves)
Will    .....                   (no boots)
Stlth   ..........              (no amulet)
HPRegen 0.20/turn               (no ring)
MPRegen 0.10/turn               (no ring)

@: no status effects
A: horns 2, retaliatory headbutt
a: no special abilities


You were on level 3 of the Dungeon.
You visited 1 branch of the dungeon, and saw 4 of its levels.

You collected 209 gold pieces.

Inventory:

Hand Weapons
 a - a +1 hand axe (weapon)
Armour
 b - a +0 robe
 f - a +0 buckler
 k - a +0 chain mail (worn)
Jewellery
 e - a ring of flight
 g - a +4 ring of protection
Wands
 p - a wand of paralysis (7)
Scrolls
 d - a scroll of brand weapon {unknown}
 h - 2 scrolls of identify {unknown}
 j - a scroll of vulnerability {unknown}
 l - 2 scrolls of fear
 o - 2 scrolls of teleportation
 q - 2 scrolls of enchant armour {unknown}
 w - a scroll of acquirement {unknown}
Potions
 c - a potion of ambrosia
 i - a potion of flight {unknown}
 m - 3 potions of haste {unknown}
 n - 2 potions of degeneration {unknown}
 r - a potion of magic {unknown}
 s - 3 potions of brilliance {unknown}
 t - a potion of heal wounds {unknown}


   Skills:
 + Level 6.3 Fighting
 + Level 6.2 Axes
 - Level 2.5 Armour
 - Level 3.4 Dodging
 - Level 1.8 Stealth
 + Level 2.5 Shields
 + Level 2.3 Evocations


You had 6 spell levels left.
You didn't know any spells.
Your spell library contained the following spells:

 Spells                   Type           Power      Damage    Failure   Level
 Summon Small Mammal      Summ           0%         N/A       100%        1
 Call Canine Familiar     Summ           0%         N/A       100%        3
 Conjure Flame            Conj/Fire      0%         6-21      100%        3
 Ignite Poison            Fire/Tmut/Pois 0%         N/A       100%        3
 Summon Guardian Golem    Hex/Summ       0%         N/A       100%        3
 Sticky Flame             Conj/Fire      0%         2d3       100%        4
 Orb of Destruction       Conj           0%         9d5       100%        7
 Spellforged Servitor     Conj/Summ      0%         N/A       100%        7


Dungeon Overview and Level Annotations

Branches:
Dungeon (4/15)
 Temple: D:4-7

Altars:
Dithmenos
Elyvilon
Xom

Annotations:
D:4 2 transporters


Innate Abilities, Weirdness & Mutations

You have a pair of horns on your head.
You reflexively headbutt those who attack you in melee.


Message History

Aiming: Paralyse
Press: ? - help, Shift-Dir - straight line, f - orc priest
Aim: an orc priest, wielding a +2 short sword of venom (lightly wounded, chance to affect: 55%)
The orc priest resists with significant effort.
You feel very sick. The orc priest barely misses you.
You hit the orc priest.
The orc priest is moderately wounded.
You feel very sick.
The orc priest hits you with a +2 short sword of venom.
You are more poisoned.
You barely miss the orc priest. Your headbutt misses the orc priest.
The orc priest is moderately wounded.
You feel very sick.
The orc hits you from afar with a +0 trident.
The orc priest barely misses you. You furiously retaliate!
You headbutt the orc priest. You hit the orc priest.
The orc priest is almost dead.
You feel very sick.
The orc hits you from afar with a +0 trident.
* * * LOW HITPOINT WARNING * * *
The orc priest hits you with a +2 short sword of venom.
* * * LOW HITPOINT WARNING * * *
You are more poisoned.
You feel better.
The orc hits you from afar with a +0 trident.
* * * LOW HITPOINT WARNING * * *
The orc priest hits you but does no damage.
You closely miss the orc priest.
The orc priest is almost dead.
The orc hits you from afar with a +0 trident.
* * * LOW HITPOINT WARNING * * *
The orc priest mumbles some strange prayers to Beogh against you.
Beogh smites you!
* * * LOW HITPOINT WARNING * * *
You hit the orc priest.
You kill the orc priest!
The orc hits you from afar with a +0 trident!
You die...

#............. #....
#.............. #....
#.............. #....
#.............. #....
#.............. ##....
#.............. #.....
####.........(# #.....
#.............#####.....
#......@)(........#.....
#.......)o........#.....
#.....####(.....lo......
#.....# .............
####### o(...........
.o((o..o.....
.......###... .......
... ....... ...


You could see an orc.

Vanquished Creatures
  A phantom (D:4)
  A jelly (D:4)
  An orc priest (D:3)
  3 hounds (D:4)
  Jessica (D:3)
  2 iguanas
  4 orc wizards
  4 gnolls (D:4)
  6 adders
  An ufetubus (D:4)
  2 worms
  4 dart slugs
  8 orcs
  7 ball pythons
  6 endoplasms
  A giant cockroach (D:2)
  10 goblins
  8 hobgoblins
  12 jackals
  5 kobolds
  4 quokkas
  10 bats
  4 frilled lizards
  8 rats
113 creatures vanquished.

Vanquished Creatures (others)
  A fungus (D:3)
1 creature vanquished.

Grand Total: 114 creatures vanquished

Notes
Turn   | Place    | Note
-------+----------+-------------------------------------------
     0 | D:1      | frimble the Minotaur Monk began the quest for the Orb.
     0 | D:1      | Reached XP level 1. HP: 19/19 MP: 0/0
   177 | D:1      | Reached XP level 2. HP: 19/27 MP: 1/1
   394 | D:1      | Found a faded altar of an unknown god.
   813 | D:1      | Reached XP level 3. HP: 33/33 MP: 2/2
  1693 | D:2      | Found a shimmering altar of Xom.
  1696 | D:2      | Reached XP level 4. HP: 41/41 MP: 3/3
  1994 | D:2      | Reached skill level 5 in Fighting
  2074 | D:2      | Reached skill level 5 in Axes
  2077 | D:2      | Reached skill level 1 in Armour
  2231 | D:3      | Reached XP level 5. HP: 22/48 MP: 4/4
  2402 | D:3      | Found a white marble altar of Elyvilon.
  2492 | D:3      | Noticed Jessica
  2496 | D:3      | Killed Jessica
  3192 | D:4      | Reached skill level 1 in Evocations
  3246 | D:4      | Found a shadowy altar of Dithmenos.
  3249 | D:4      | Noticed a steam dragon
  3254 | D:4      | Found a transporter.
  3262 | D:4      | Found a transporter.
  3267 | D:4      | Reached XP level 6. HP: 57/57 MP: 5/5
  3427 | D:4      | Reached skill level 1 in Shields
  3846 | D:4      | Reached XP level 7. HP: 59/63 MP: 6/6
  4430 | D:3      | HP: 2/63 [orc priest/divine providence (12)]
  4431 | D:3      | Slain by an orc

Illustrated notes

Levels and vault maps discovered:
D:1:      giann_bridges, layout_loops_ring, ebering_ecumenical_altar_rust
D:2:      kennysheep_six_static_rooms, layout_basic, basic_altar
D:3:      layout_basic, mainiacjoe_overflow_boulevard, uniq_jessica
D:4:      minmay_door_path, layout_loops_ring, gammafunk_temple_overflow_arena

Skill      XL: |  1  2  3  4  5  6 |
---------------+-------------------+-----
Fighting       | 4 5 6 |  6.3
Axes           | 4 5 6 |  6.2
Armour         | 1 2 |  2.5
Evocations     | 1 2 |  2.3
Shields        | 2 |  2.5
Dodging        | |  3.4
Stealth        | |  1.8

Action                   |  1- 3 |  4- 6 |  7- 9 || total
-------------------------+-------+-------+-------++-------
Melee: Hand axe          |    86 |   180 |    25 ||   291
       Headbutt          |    10 |    36 |     5 ||    51
       Punch             |       |     1 |       ||     1
Throw: Dart              |       |       |     9 ||     9
Evoke: Wand              |       |     1 |     1 ||     2
  Use: Scroll            |     6 |     1 |       ||     7
       Potion            |       |     2 |     1 ||     3
 Stab: Sleeping          |     4 |       |       ||     4
Armor: Robe              |    19 |       |       ||    19
       Chain mail        |       |   119 |     6 ||   125
Dodge: Dodged            |    59 |    71 |     5 ||   135

Table legend: (Time is in decaauts)
 A = Elapsed time spent in this place.
 B = Non-inter-level travel time spent in this place.
 C = Inter-level travel time spent in this place.
 D = Time resting spent in this place.
 E = Time spent auto-exploring this place.
 F = Levels seen in this place.
 G = Mean time per level.
                   A        B        C        D        E       F      G
               +--------+--------+--------+--------+--------+-----+--------+
         Total |   4450 |   4386 |     64 |    265 |   3387 |   4 | 1112.5 |
       Dungeon |   4450 |   4386 |     64 |    265 |   3387 |   4 | 1112.5 |
               +--------+--------+--------+--------+--------+-----+--------+

Top non-repeatable levels by time:
     D:4: 1472 daAuts
     D:1: 1192 daAuts
     D:2: 981 daAuts
     D:3: 804 daAuts
